AoeStats
← RidingRaccoon

Nomad

507492142Analyzed
4v4 RM · 13d ago on Sep 18, 2026· 45m 30s· 8 players
Game mode
Random Map
Map size
231×231
Population
200
Speed
Normal
Resources
Standard
Victory
Conquest
Starting age
Dark Age
Ending age
Imperial Age
RankedLock teamsTeams togetherTeam positionsShared explorationLock speedFull tech treeHidden civsTurbo modeCheats
Victory
Defeat
🇻🇳 Spanish · Vietnam
761
+17
🇲🇾 Wu · Malaysia
740
+17
🇺🇸 Portuguese · United States
718
+18
🇨🇳 Mongols · China
690
+20
🇨🇳 Franks · China
782
-18
🇵🇪 Burgundians · Peru
776
-18
🇯🇵 Celts · Japan
766
-18
🇦🇹 Spanish · Austria
760
-18
guozitao1022
5:53 Loom
16:13 Feudal Age
16:57 Double-Bit Axe
17:14 Fishing Lines
22:10 Castle Age
20:12 Gold Mining
24:07 Bow Saw
23:27 Demolition Ship
24:24 Squires
25:10 Gillnets
26:25 Forging
27:50 Medium Warships
30:17 Red Cliffs Tactics
30:25 Treadmill Crane
30:42 Murder Holes
31:02 Scale Mail Armor
32:36 Ballistics
33:22 Arson
34:22 Fletching
35:07 Iron Casting
35:23 Clinker Construction
35:58 Gold Shaft Mining
35:06 Horse Collar
38:42 Imperial Age
38:25 Wheelbarrow
38:48 Chain Mail Armor
40:11 Heavy Warships
41:23 Two-Man Saw
40:59 Conscription
41:43 Caravan
43:14 Hand Cart
45:34 Chemistry
44:56 Carvel Hull
44:47 Masonry
45:00 Heated Shot
bda5342
16:27 Feudal Age
18:48 Man-at-Arms
23:19 Horse Collar
43:12 Gold Mining
43:12 Stone Mining
43:12 Double-Bit Axe
45:47 Castle Age
Peter Xavier
4:01 Loom
4:51 Loom
5:42 Loom
6:52 Loom
16:03 Feudal Age
18:20 Fishing Lines
21:57 Castle Age
22:38 Bloodlines
22:36 Scale Barding Armor
22:28 Double-Bit Axe
22:53 Horse Collar
23:27 Husbandry
26:08 Stone Mining
26:11 Gold Mining
27:33 Heavy Plow
28:08 Gillnets
30:53 Stone Shaft Mining
36:12 Imperial Age
34:17 Fletching
34:39 Forging
34:47 Bow Saw
36:23 Padded Archer Armor
36:42 Caravan
36:56 Cavalier
429245220
4:42 Loom
13:48 Feudal Age
24:30 Castle Age
26:18 Double-Bit Axe
28:03 Elite Skirmisher
30:51 Horse Collar
36:14 Wheelbarrow
35:25 Town Watch
35:36 Gold Mining
35:36 Stone Mining
36:10 Fletching
36:21 Padded Archer Armor
38:41 Stone Mining
41:33 Bodkin Arrow
46:06 Ballistics
RidingRaccoon
16:05 Feudal Age
16:03 Loom
17:29 Fishing Lines
20:38 Castle Age
20:03 Double-Bit Axe
20:09 Horse Collar
21:44 Gillnets
25:19 Bloodlines
25:10 Husbandry
26:03 Bow Saw
32:11 Heavy Plow
32:05 Stone Mining
32:06 Gold Mining
32:34 Masonry
32:46 Murder Holes
32:23 Pikeman
33:03 Squires
32:49 Arson
37:17 Fletching
RavenSael
9:46 Loom
15:39 Feudal Age
15:53 Fishing Lines
16:07 Double-Bit Axe
17:08 Bow Saw
18:23 Gillnets
23:06 Fletching
23:14 Gold Mining
25:13 Gold Shaft Mining
25:41 Forging
30:17 Castle Age
30:02 Scale Mail Armor
30:00 Arson
30:13 Stone Mining
30:07 Horse Collar
30:36 Pikeman
30:45 Crossbowman
31:50 Heavy Plow
33:40 Iron Casting
36:22 Imperial Age
34:06 Squires
34:51 Bodkin Arrow
36:02 Stone Shaft Mining
36:27 Elite Skirmisher
37:23 Burgundian Vineyards
豚マソ
715113342
6:18 Loom
18:23 Feudal Age
23:37 Castle Age
Connection lost

Rejoining the realm…

Still unreachable

The connection could not be restored.

Session expired

The server has moved on; the page needs a fresh start.